 Dungeon Crawl Stone Soup version 0.30-a0-711-gf4ac18a38d (webtiles) character file.

Game seed: 12855077694401990942

349 ryw the Magician (level 6, 0/43 HPs)
             Began as a Djinni Fire Elementalist on Jan 23, 2023.
             Was an Initiate of Ashenzari.
             Slain by a white imp (2 damage)
             ... on level 5 of the Dungeon.
             The game lasted 00:07:41 (2946 turns).

ryw the Magician (Djinni Fire Elementalist)         Turns: 2946, Time: 00:07:42

Health: 0/43       AC:  5    Str:  7      XL:     6   Next: 92%
Gold:   156        EV: 13    Int: 25      God:    Ashenzari [......] SH:  0 Dex: 14 (15)

rFire   + + +      SeeInvis .    o - +6 hammer of the Modern Interlopers {pain, Dex+2}
rCold   x . .      Faith    .    (no shield)
rNeg    . . .      Spirit   .    h - +1 robe {rF+}
rPois   ∞          Reflect  .    (no helmet)
rElec   .          Harm     .    p - +0 cloak
rCorr   .          Rampage  .    i - +0 pair of gloves
Will    .....                    (boots unavailable)
Stlth   ++                       (no amulet)
HPRegen 0.27/turn                j - +6 ring of intelligence
MPRegen 0.00/turn                (no ring)

@: flying
A: sickness immunity, fire resistance 2, cold vulnerability 1, float, innate
caster, HP casting, extra vitality 1
a: Renounce Religion


You were on level 5 of the Dungeon.
You worshipped Ashenzari.
Ashenzari was noncommittal.
You visited 2 branches of the dungeon, and saw 5 of its levels.

You collected 156 gold pieces.

Inventory:

Hand Weapons
 o - the +6 hammer of the Modern Interlopers (weapon) {pain, Dex+2}
   (You found it on level 2 of the Dungeon)

   Dex:       It affects your dexterity (+2).
Armour
 h - a +1 robe of fire resistance (worn)
 i - a +0 pair of gloves (worn)
 p - a +0 cloak (worn)
Jewellery
 j - a +6 ring of intelligence (left hand)
 u - the ring "Ojixisos" {*Slow rCorr Int+3 Stlth+}
   (You found it on level 5 of the Dungeon)

   [ring of resist corrosion]

   Int:       It affects your intelligence (+3).
   rCorr:     It protects you from acid and corrosion.
   *Slow:     It may slow you when you take damage.
   Stlth:     It makes you more stealthy.
 v - a ring of flight
Scrolls
 c - 2 scrolls of enchant weapon
 d - 2 scrolls of identify
Potions
 a - a potion of invisibility
 b - a potion of magic
 e - a potion of heal wounds
 k - a potion of lignification
 m - 2 potions of flight
 s - a potion of ambrosia


   Skills:
 + Level 1.8 Fighting
 + Level 3.2 Dodging
 - Level 1.5 Stealth
 + Level 5.0 Spellcasting


You couldn't memorise any spells.
You knew the following spells:

 Your Spells              Type           Power      Damage    Failure   Level
a - Foxfire               Conj/Fire      100%       2x1d9     1%          1
b - Scorch                Fire           62%        2d8       1%          2
c - Kindle Blastsparks    Fire/Tloc/Air  62%        2d15      3%          3
d - Inner Flame           Hex/Fire       31%        N/A       3%          3
e - Flame Wave            Conj/Fire      31%        2d9       11%         4
f - Freeze                Ice            100%       1d10      1%          1
g - Static Discharge      Conj/Air       62%        2-5/arc   1%          2
Your spell library was empty.

Dungeon Overview and Level Annotations

Branches:
Dungeon (5/15)             Temple (1/1) D:5

Altars:
Ashenzari
Dithmenos
Makhleb
Nemelex Xobeh
Okawaru
Ru
Trog
Wu Jian
Yredelemnul

Shops:
D:1 :   D:2 :


Innate Abilities, Weirdness & Mutations

You are immune to sickness and miasma.
You are immune to poison.
Your flesh is very heat resistant. (rF++)
You are vulnerable to cold. (rC-)
You float through the air rather than walking.
You learn spells naturally, not from books.
Your magical power is your life essence.
You have superior vitality. (+4 MHP)


Message History

The quasit closely misses you.
Casting: Foxfire (safe; 1% risk of failure)
Confirm with . or Enter, or press ? or * to list all spells.
You conjure some foxfire!
The quasit is no longer more vulnerable to fire.
The foxfire hits the shadow imp.
The shadow imp is moderately wounded.
The shadow imp barely misses you. The quasit bites you.
The quasit claws you but does no damage. x2
Your foxfire dissipates!
The white imp attacks as you move away! The white imp closely misses you.
The foxfire hits the white imp.
The white imp is lightly wounded.
The foxfire hits the shadow imp.
The shadow imp is almost dead.
Casting: Foxfire (safe; 1% risk of failure)
Confirm with . or Enter, or press ? or * to list all spells.
You conjure some foxfire!
The quasit closely misses you. The quasit barely misses you.
The quasit claws you but does no damage.
The shadow imp gestures at you. Pain shoots through your body!
* * * LOW HITPOINT WARNING * * *
The white imp hits you but does no damage.
Your foxfire dissipates!
The foxfire hits the white imp.
The white imp is burned terribly!
The white imp is heavily wounded.
The white imp spits at you. The quasit misses you.
The quasit closely misses you.
The quasit claws you but does no damage.
Casting: Foxfire (safe; 1% risk of failure)
Confirm with . or Enter, or press ? or * to list all spells.
You conjure some foxfire!
* * * LOW HITPOINT WARNING * * *
The quasit barely misses you.
The quasit claws you but does no damage.
The quasit closely misses you. The shadow imp gestures at you.
You struggle to resist.
The white imp hits you.
You die...

##.l##..#......#
#..##......#...#
###############.##....#...#..#
..........l....#............##
#.....#########.#.#.#.......#
#.....# #............#.....##
#.....# #.............#....#
#.#.....###..5.v...#.....#...#
....(.....'..5@.....#.....#..#
........###..5v..)......^..#.#
..∩.....# ##.####............#
.....#######'#####.#.#.########
..... #........# #.#.#...# #.#
.+## #...⌠....# #.#.#...####.#
#...)....# #.#.#........#
#.⌠.>.⌠..# #.#.##########
#........# #.#.#


You could see a quasit (ally target), a white imp and a shadow imp.

Vanquished Creatures
  Edmund (D:5)
  A jelly (D:5)
  Crazy Yiuf (D:2)
  An orc priest (D:3)
  An iguana (D:5)
  4 gnolls (D:5)
  An adder (D:2)
  4 orcs (D:3)
  10 endoplasms
  3 giant cockroaches
  4 goblins (D:1)
  3 hobgoblins
  5 jackals
  A quokka (D:1)
  6 ball pythons
  5 bats
  8 frilled lizards (D:1)
  6 kobolds
  8 rats
73 creatures vanquished.

Vanquished Creatures (collateral kills)
  6 foxfires (D:2)
6 creatures vanquished.

Vanquished Creatures (others)
  12 demonic plants (D:5)
  256 foxfires
  4 plants
272 creatures vanquished.

Grand Total: 351 creatures vanquished

Notes
Turn   | Place    | Note
-------+----------+-------------------------------------------
     0 | D:1      | ryw the Djinni Fire Elementalist began the quest for the
                  | Orb.
     0 | D:1      | ryw set off with the following spells memorised: Foxfire,
                  | Scorch, Kindle Blastsparks, Inner Flame, Flame Wave.
     0 | D:1      | Reached XP level 1. HP: 15/15 MP: 0/0
    95 | D:1      | Reached XP level 2. HP: 16/21 MP: 0/0
   170 | D:1      | Reached skill level 3 in Spellcasting
   306 | D:1      | Reached XP level 3. HP: 20/25 MP: 0/0
   306 | D:1      | Learned a level 1 spell: Freeze
   446 | D:1      | Found Vual's Book Emporium.
   743 | D:2      | Found Moohaj's Book Emporium.
  1077 | D:2      | Reached XP level 4. HP: 29/31 MP: 0/0
  1326 | D:2      | Found a runed translucent door.
  1327 | D:2      | Noticed Crazy Yiuf
  1328 | D:2      | Identified the +6 hammer of the Modern Interlopers {pain,
                  | Dex+2}
  1341 | D:2      | Killed Crazy Yiuf
  1342 | D:2      | Reached skill level 4 in Spellcasting
  2001 | D:3      | Reached XP level 5. HP: 33/35 MP: 0/0
  2001 | D:3      | Learned a level 2 spell: Static Discharge
  2255 | D:3      | Found a burning altar of Makhleb.
  2282 | D:3      | Found an ornate altar of the Wu Jian Council.
  2411 | D:3      | You are sucked into a shaft and drop 2 floors!
  2411 | D:5      | Entered Level 5 of the Dungeon
  2411 | D:5      | Found a staircase to the Ecumenical Temple.
  2413 | D:5      | Identified the ring "Ojixisos" {*Slow rCorr Int+3 Stlth+}
  2423 | Temple   | Entered the Ecumenical Temple
  2580 | Temple   | Became a worshipper of Ashenzari the Shackled
  2725 | D:5      | Noticed Edmund
  2734 | D:5      | Killed Edmund
  2735 | D:5      | Reached skill level 1 in Fighting
  2735 | D:5      | Reached XP level 6. HP: 23/42 MP: 0/0
  2741 | D:5      | Reached skill level 5 in Spellcasting
  2944 | D:5      | HP: 2/43 [shadow imp/nerve-wracking pain (11)]
  2946 | D:5      | Slain by a white imp

Illustrated notes

Levels and vault maps discovered:
D:1:      heliophobic_arrival_dark_side_of_the_moon, layout_rooms, serial_shops,
          shop, minivault_14, minmay_lizard_king
D:2:      layout_loops_ring, serial_forest, infiniplex_forest_lined_2,
          infiniplex_forest_zigzag_1, infiniplex_forest_end_3,
          infiniplex_forest_clump_double, infiniplex_forest_clump_C,
          infiniplex_forest_lined_ring, infiniplex_forest_clump_diagonal,
          serial_shops, shop, reono_crystal_passage, minmay_tree_intersection,
          uniq_crazy_yiuf_cottage
D:3:      layout_loops_cross, mainiacjoe_overflow_two_lobes
D:5:      layout_basic, mainiacjoe_overflow_tiny_flanked, temple_fountains,
          serial_demonic, serial_demonic_b, serial_demonic_b, serial_demonic_c,
          serial_demonic_e, serial_demonic_b, serial_demonic_d,
          serial_demonic_d, serial_demonic_c, hangedman_decor_opposing,
          corexii_item_surrounded_by_moat, lemuel_flamethrower_1, uniq_duvessa,
          uniq_edmund
Temple:   nicolae_temple_bog_church

Skill      XL: |  1  2  3  4  5  6 |
---------------+-------------------+-----
Spellcasting   | 3 4 5 |  5.0
Fighting       | 1 |  1.8
Dodging        | 3 |  3.2
Stealth        | |  1.5

Action                     |  1- 3 |  4- 6 || total
---------------------------+-------+-------++-------
  Melee: Mace              |       |     1 ||     1
   Cast: Foxfire           |    74 |    92 ||   166
         Kindle Blastspark |     1 |     1 ||     2
         Inner Flame       |       |     1 ||     1
         Scorch            |       |     2 ||     2
    Use: Scroll            |       |    13 ||    13
 Armour: Robe              |     3 |    16 ||    19
  Dodge: Dodged            |     6 |    27 ||    33

Table legend: (Time is in decaauts)
 A = Elapsed time spent in this place.
 B = Non-inter-level travel time spent in this place.
 C = Inter-level travel time spent in this place.
 D = Time resting spent in this place.
 E = Time spent auto-exploring this place.
 F = Levels seen in this place.
 G = Mean time per level.
                   A        B        C        D        E       F      G
               +--------+--------+--------+--------+--------+-----+--------+
         Total |   2944 |   2841 |    103 |    315 |   1955 |   5 |  588.8 |
       Dungeon |   2775 |   2686 |     89 |    177 |   1955 |   4 |  693.8 |
        Temple |    168 |    154 |     14 |    138 |      0 |   1 |  168.0 |
               +--------+--------+--------+--------+--------+-----+--------+

Top non-repeatable levels by time:
     D:2: 945 daAuts
     D:3: 759 daAuts
     D:1: 705 daAuts
     D:5: 366 daAuts
  Temple: 168 daAuts
